 Seeded DCSS version 0.30.1-6-gbe392663c4 (webtiles) character file.

Game seed: 4331056074197552482 (custom seed)

39 Psyclone the Conjurer (level 3, -5/19 HPs)
             Began as a Deep Elf Conjurer on Sept 21, 2023.
             Killed from afar by an orc wizard (8 damage)
             ... with a magic dart
             ... on level 2 of the Dungeon.
             The game lasted 00:02:13 (1051 turns).

Psyclone the Conjurer (Deep Elf Conjurer)           Turns: 1051, Time: 00:02:13

Health: -5/19      AC:  2    Str:  4    XL:     3   Next: 26%
Magic:  9/9        EV: 12    Int: 30    God:
Gold:   44         SH:  0    Dex: 13    Spells: 7/8 levels left

rFire   . . .        j - +0 dagger
rCold   . . .        (no shield)
rNeg    . . .        a - +0 robe
rPois   .            (no helmet)
rElec   .            (no cloak)
rCorr   .            (no gloves)
SInv    .            (no boots)
Will    .....        (no amulet)
Stlth   ++           c - +4 ring of slaying
HPRegen 0.23/turn    f - +6 ring of intelligence
MPRegen 0.11/turn

%: no passive effects
@: no status effects
A: no striking features
a: no special abilities


You were on level 2 of the Dungeon.
You visited 1 branch of the dungeon, and saw 2 of its levels.

You collected 44 gold pieces.

Inventory:

Hand Weapons
 j - a +0 dagger (weapon)
Armour
 a - a +0 robe (worn)
Jewellery
 c - a +4 ring of slaying (left hand)
 f - a +6 ring of intelligence (right hand)
 g - a ring of protection from cold
 l - a ring of willpower
Scrolls
 d - a scroll of teleportation {unknown}
 k - a scroll of immolation {unknown}
 m - a scroll of fog {unknown}
 n - a scroll of vulnerability {unknown}
Potions
 b - a potion of magic
 e - a potion of flight {unknown}
 h - a potion of heal wounds {unknown}
 i - a potion of degeneration {unknown}
 o - a potion of might {unknown}


   Skills:
 - Level 2.4 Dodging
 - Level 2.4 Stealth
 - Level 3.0 Spellcasting
 + Level 5.7 Conjurations


You had 7 spell levels left.
You knew the following spells:

 Your Spells              Type           Power      Damage    Failure   Level
a - Magic Dart            Conj           100%       1d8       1%          1

Your spell library contained the following spells:

 Spells                   Type           Power      Damage    Failure   Level
 Searing Ray              Conj           76%        2d7       1%          2
 Sandblast                Erth           8%         2d5       7%          1
 Dazzling Flash           Conj/Hex       42%        N/A       7%          3
 Stone Arrow              Conj/Erth      42%        3d9       7%          3
 Mephitic Cloud           Conj/Pois/Air  15%        N/A       10%         3
 Call Imp                 Summ           8%         N/A       11%         2
 Passwall                 Tmut/Erth      3%         N/A       11%         2
 Fulminant Prism          Conj/Hex       10%        3d8       22%         4
 Iskenderun's Mystic Bla  Conj/Tloc      21%        2d6       22%         4


Dungeon Overview and Level Annotations

Branches:
Dungeon (2/15) Zot: 10947

Altars:


Message History

Ouch! That really hurt!
* * * LOW HITPOINT WARNING * * *
An orc wizard comes into view. It is wielding a +0 dagger.
You hear a shout!
You take 15 damage, and have 4/19 hp.
MASSIVE DAMAGE!!
You see here a +0 plate armour.
Casting: Magic Dart (safe; 1% risk of failure)
Confirm with . or Enter, or press ? or * to list all spells.
Aiming: Magic Dart (safe; 1% risk of failure)
Press: ? - help, Shift-Dir - straight line, f - orc wizard
Aim: an orc wizard, wielding a +0 dagger and wearing a +0 robe (100% to hit)
The magic dart hits the orc wizard.
The orc wizard is moderately wounded.
You now have 8/9 mp.
The orc wizard hits you with a +0 dagger.
You take 2 damage, and have 6/19 hp.
An orc comes into view. It is wielding a +0 whip.
Found 14 gold pieces.
An orc comes into view. It is wielding a +0 dagger of freezing.
The orc wizard attacks as you move away!
The orc wizard hits you but does no damage.
The orc wizard casts a spell.
The orc wizard flickers and vanishes!
Deactivating autopickup; reactivate with Ctrl-A.
The orc shouts!
You see here 14 gold pieces.
MP restored: 9 A magic dart appears from out of thin air!
The magic dart hits you!
* * * LOW HITPOINT WARNING * * *
You take 6 damage, and have 2/19 hp.
MASSIVE DAMAGE!!
You are confused.
You bump into the rock wall.
You bump into the rock wall.
You're too confused to move!
You miss the orc priest.
You feel less confused.
A magic dart appears from out of thin air!
The magic dart hits you!
You die...

.#.....####.##.................#
#####...##..>..................#
...............................#
####......÷..÷#########........#
.........##.#..# #........#
#.##.....##.##.# ##########
#....###.... #÷####
.....####..###..o.####
##..............@.{o.###
##..##÷##.....##.##.o..# ...##
#.##.#.##.#.###..##
...#!.#...###...#..[#.$.#
...##.#.##.#.##.#.###.#.#
....##.##.....##.##...#.#
..............o....o.##..
....o..........o........#.
.........#.####..#####..#..


You could see an orc priest and 2 orcs.

Vanquished Creatures
  An adder (D:2)
  6 bats
  2 endoplasms (D:1)
  A goblin (D:1)
  3 hobgoblins
  5 kobolds
  A quokka (D:2)
  2 ball pythons (D:1)
  2 frilled lizards (D:1)
  7 rats
30 creatures vanquished.

Notes
Turn   | Place    | Note
-------+----------+-------------------------------------------
     0 | D:1      | Psyclone the Deep Elf Conjurer began the quest for the Orb.
     0 | D:1      | Reached XP level 1. HP: 10/10 MP: 6/6
   167 | D:1      | Reached XP level 2. HP: 15/15 MP: 5/8
   286 | D:1      | Reached skill level 5 in Conjurations
   360 | D:1      | You fall into a shaft and drop 1 floor!
   480 | D:2      | Reached XP level 3. HP: 19/19 MP: 0/9
  1051 | D:2      | Killed from afar by an orc wizard

Illustrated notes

Levels and vault maps discovered:
D:1:      nzn_arrival_crosshair, layout_rooms
D:2:      layout_rooms, supply_closet_lemuel, minmay_ruptured

Skill      XL: |  1  2 |
---------------+-------+-----
Conjurations   | 5 |  5.7
Dodging        | |  2.4
Stealth        | |  2.4
Spellcasting   | |  3.0

Action                     || total
---------------------------++-------
  Melee: Dagger            ||     1
   Cast: Magic Dart        ||    53
 Armour: Robe              ||     1
  Dodge: Dodged            ||     3
